AoeStats
← BuLLet

Fortress

509395147Analyzed
3v3 RM · 6d ago on Sep 26, 2026· 67m 40s· 6 players
Game mode
Random Map
Map size
Large (8 player)
Population
200
Speed
Normal
Resources
Standard
Victory
Conquest
Starting age
Dark Age
Ending age
Imperial Age
RankedLock teamsTeams togetherTeam positionsShared explorationLock speedFull tech treeHidden civsTurbo modeCheats
Victory
Defeat
🇩🇪 Danes · Germany
1298
+7
🇺🇸 Spanish · United States
1055
+16
🇩🇪 Khmer · Germany
874
+23
🇮🇳 Poles · India
1094
-17
🇮🇳 Danes · India
1052
-15
🇮🇳 Ethiopians · India
1020
-14
EndLess
7:11 Feudal Age
11:19 Castle Age
9:35 Double-Bit Axe
9:47 Horse Collar
10:51 Loom
18:17 Fletching
18:25 Elite Skirmisher
19:31 Bodkin Arrow
20:16 Bow Saw
25:06 Ballistics
25:49 Scale Mail Armor
26:54 Chain Mail Armor
27:25 Arson
27:40 Squires
27:26 Gambesons
32:13 Imperial Age
30:24 Wheelbarrow
30:22 Murder Holes
30:54 Heavy Plow
31:40 Hand Cart
33:25 Conscription
33:29 Siege Engineers
34:25 Chemistry
33:56 Onager
35:27 Northmen's Fury
36:05 Siege Onager
37:44 Masonry
44:00 Forging
50:39 Town Watch
51:46 Hamask
53:02 Hoardings
52:20 Pikeman
53:34 Plate Mail Armor
53:39 Iron Casting
53:16 Halberdier
58:30 Blast Furnace
BuLLet
7:28 Feudal Age
11:29 Castle Age
9:48 Double-Bit Axe
9:54 Horse Collar
12:31 Bow Saw
12:23 Heavy Plow
16:10 Wheelbarrow
17:38 Gold Mining
19:28 Scale Barding Armor
19:34 Forging
19:37 Bloodlines
19:27 Husbandry
20:31 Szlachta Privileges
21:20 Chain Barding Armor
21:41 Iron Casting
21:52 Loom
22:23 Hand Cart
21:54 Town Watch
25:35 Scale Mail Armor
27:53 Chain Mail Armor
32:48 Imperial Age
30:53 Coinage
31:48 Squires
31:34 Arson
34:00 Conscription
34:46 Blast Furnace
33:24 Cavalier
34:53 Banking
38:49 Elite Obuch
40:41 Plate Mail Armor
41:10 Pikeman
43:00 Fletching
46:35 Light Cavalry
53:02 Bodkin Arrow
54:46 Bracer
56:00 Winged Hussar
56:55 Thumb Ring
56:11 Elite Skirmisher
56:54 Padded Archer Armor
58:02 Leather Archer Armor
64:57 Ballistics
65:45 Chemistry
CARNAGE
4:56 Loom
8:49 Feudal Age
10:21 Double-Bit Axe
10:29 Horse Collar
10:54 Fletching
15:06 Castle Age
13:21 Stone Mining
13:42 Gold Mining
14:41 Padded Archer Armor
16:54 Crossbowman
28:54 Heavy Plow
38:41 Imperial Age
38:37 Wheelbarrow
38:39 Bodkin Arrow
39:01 Arbalester
42:55 Chemistry
46:43 Elite Skirmisher
48:21 Bracer
48:37 Leather Archer Armor
48:33 Forging
48:37 Halberdier
51:15 Bow Saw
51:47 Iron Casting
51:13 Scale Mail Armor
51:44 Ring Archer Armor
55:07 Blast Furnace
54:22 Chain Mail Armor
59:11 Plate Mail Armor
65:34 Squires
65:20 Arson
Matze91
7:22 Feudal Age
10:14 Castle Age
8:28 Horse Collar
10:24 Double-Bit Axe
11:26 Bow Saw
11:28 Heavy Plow
14:27 Wheelbarrow
15:49 Loom
21:23 Fletching
22:41 Bodkin Arrow
24:28 Husbandry
24:38 Bloodlines
25:44 Gold Mining
25:45 Stone Mining
28:48 Ballistics
30:11 Scale Barding Armor
30:07 Padded Archer Armor
31:18 Hand Cart
31:48 Light Cavalry
33:58 Chain Barding Armor
33:49 Forging
33:55 Leather Archer Armor
37:33 Imperial Age
34:50 Town Watch
36:05 Iron Casting
39:20 Imperial Age
41:08 Blast Furnace
41:22 Chemistry
41:04 Crop Rotation
41:39 Conscription
42:53 Caravan
43:49 Bracer
44:19 Ring Archer Armor
44:07 Elite Ballista Elephant
45:54 Hussar
50:34 Plate Barding Armor
54:32 Double Crossbow
59:11 Gold Shaft Mining
60:31 Elite Battle Elephant
Nicomy
8:29 Feudal Age
12:35 Castle Age
10:24 Double-Bit Axe
10:22 Horse Collar
11:11 Man-at-Arms
11:59 Scale Mail Armor
14:06 Chain Mail Armor
15:17 Gold Mining
18:12 Loom
20:31 Bow Saw
20:24 Heavy Plow
22:06 Forging
24:35 Pikeman
25:06 Town Watch
26:19 Fletching
27:58 Wheelbarrow
29:09 Squires
32:20 Imperial Age
30:40 Stone Mining
30:33 Long Swordsman
33:01 Bodkin Arrow
34:42 Plate Mail Armor
34:58 Ballistics
35:00 Halberdier
37:17 Iron Casting
36:43 Bracer
38:04 Chemistry
36:27 Two-Handed Swordsman
38:09 Hand Cart
38:32 Gold Shaft Mining
37:37 Capped Ram
41:20 Blast Furnace
40:41 Gambesons
40:42 Arson
42:07 Town Patrol
42:24 Champion
47:16 Siege Ram
48:20 Padded Archer Armor
50:51 Caravan
52:18 Conscription
51:21 Hamask
52:18 Northmen's Fury
53:51 Murder Holes
54:07 Masonry
54:16 Leather Archer Armor
63:09 Hoardings
63:50 Heavy Scorpion
66:52 Siege Engineers
67:20 Ring Archer Armor
spencer.sounder
7:39 Feudal Age
9:26 Loom
9:58 Double-Bit Axe
12:23 Castle Age
11:09 Horse Collar
13:42 Husbandry
13:57 Forging
14:03 Scale Barding Armor
15:34 Chain Barding Armor
16:06 Bloodlines
23:26 Devotion
36:41 Forging
36:52 Chain Barding Armor
39:20 Imperial Age
37:25 Wheelbarrow
38:20 Elite Skirmisher
39:06 Thumb Ring
46:34 Light Cavalry
51:01 Conscription
51:12 Supremacy
51:50 Iron Casting
51:50 Plate Barding Armor
51:06 Fletching
51:54 Bow Saw
51:46 Heavy Plow
52:04 Gold Mining
54:56 Plate Barding Armor
55:22 Blast Furnace
55:51 Chemistry
58:13 Hussar
59:01 Bodkin Arrow
59:07 Padded Archer Armor
59:56 Ballistics
59:48 Masonry
59:34 Murder Holes
67:26 Hoardings
Connection lost

Rejoining the realm…

Still unreachable

The connection could not be restored.

Session expired

The server has moved on; the page needs a fresh start.